 Dungeon Crawl Stone Soup version 0.28-a0-537-g3bccd9ccbf (webtiles) character file.

Game seed: 5491113357718938874

1738 Gwenloh the Grappler (level 9, -7/67 HPs)
             Began as a Ghoul Gladiator on Sept 27, 2021.
             Mangled by a two-headed ogre (22 damage)
             ... on level 5 of the Dungeon.
             The game lasted 00:12:12 (4094 turns).

Gwenloh the Grappler (Ghoul Gladiator)              Turns: 4094, Time: 00:12:13

Health: -7/67      AC: 10    Str: 18    XL:     9   Next: 5%
Magic:  8/8        EV: 14    Int:  4    God:
Gold:   330        SH:  0    Dex: 12    Spells: 8/8 levels left

rFire   . . .      SeeInvis .     - Unarmed
rCold   + + .      Faith    .   (no shield)
rNeg    + + +      Spirit   .   y - +1 scale mail {rC+}
rPois   ∞          Reflect  .   b - +0 helmet
rElec   .          Harm     .   (no cloak)
rCorr   .          Rampage  .   G - +0 pair of gloves
Will    .....                   (no boots)
Stlth   ..........              x - amulet of regeneration
HPRegen 0.00/turn               q - +4 ring of evasion
MPRegen 0.11/turn               (no ring)

@: inhibited regen
A: claws 1, cold resistance 1, negative energy resistance 3, inhibited
regeneration, torment resistance 2
a: no special abilities


You were on level 5 of the Dungeon.
You visited 1 branch of the dungeon, and saw 5 of its levels.

You collected 330 gold pieces.

Inventory:

Hand Weapons
 a - a +0 shortbow
Missiles
 c - 3 throwing nets
 e - 6 curare-tipped darts
 g - 109 arrows
 k - 138 stones
 p - 78 bolts
 r - 26 sling bullets
 u - 5 poisoned darts (quivered)
Armour
 b - a +0 helmet (worn)
 y - a +1 scale mail of cold resistance (worn)
 G - a +0 pair of gloves (worn)
Jewellery
 q - a +4 ring of evasion (left hand)
 x - an amulet of regeneration (around neck)
Wands
 h - a wand of flame (1)
 A - a wand of acid (5)
 B - a wand of polymorph (14)
Scrolls
 d - a scroll of amnesia
 i - a scroll of fog
 o - a scroll of holy word {unknown}
 s - 2 scrolls of teleportation
 v - a scroll of immolation
 w - a scroll of vulnerability {unknown}
 E - a scroll of magic mapping {unknown}
Potions
 f - 2 potions of heal wounds {unknown}
 j - a potion of curing {unknown}
 l - a potion of berserk rage {unknown}
 n - a potion of might {unknown}
 t - 2 potions of brilliance {unknown}
 z - a potion of degeneration {unknown}
 C - a potion of flight {unknown}
 D - a potion of invisibility {unknown}
 F - a potion of haste {unknown}


   Skills:
 - Level 2.1 Fighting
 - Level 1.7 Throwing
 + Level 4.6 Armour
 - Level 2.6 Dodging
 * Level 11.4 Unarmed Combat


You had 8 spell levels left.
You didn't know any spells.
Your spell library contained the following spells:

 Spells                   Type           Power      Damage    Failure   Level
 Summon Small Mammal      Summ           0%         N/A       86%         1
 Ensorcelled Hibernation  Hex/Ice        0%         N/A       95%         2
 Slow                     Hex            0%         N/A       95%         2
 Call Canine Familiar     Summ           0%         N/A       99%         3
 Confusing Touch          Hex            0%         N/A       99%         3
 Summon Guardian Golem    Hex/Summ       0%         N/A       99%         3
 Vampiric Draining        Necr           0%         2d6       99%         3
 Cause Fear               Hex            0%         N/A       100%        4
 Dragon's Call            Summ           0%         N/A       100%        9
 Spider Form              Tmut/Pois      Unusable   N/A       N/A         3
 Dragon Form              Tmut           Unusable   N/A       N/A         7

Dungeon Overview and Level Annotations

Branches:
Dungeon (5/15)
 Temple: D:4-7

Altars:
Sif Muna

Shops:
D:5 (

Annotations:
D:3 2 transporters, NigelTetley's ghost, amateur MiFi


Innate Abilities, Weirdness & Mutations

You thrive by killing the living.
You are immune to poison.
You have sharp fingernails.
Your flesh is cold resistant. (rC+)
You are immune to negative energy. (rN+++)
You do not regenerate when monsters are visible.
You are immune to unholy pain and torment.


Message History

You kill the adder!
You closely miss the gnoll. The gnoll hits you with a +0 whip.
You punch the gnoll!
You kill the gnoll!
You feel better.
No target in view!
No target in view!
Things that are here:
a +0 whip; a gnoll corpse
u - 5 poisoned darts (gained 1)
s - 2 scrolls of teleportation (gained 1)
You open the door.
A two-headed ogre comes into view.
It is wielding a +0 dire flail and a +0 giant club.
The two-headed ogre shouts in stereo!
You hear an angry buzzing noise.
The two-headed ogre moves out of view.
Found 10 gold pieces and a scroll of identify.
A vampire mosquito and a two-headed ogre come into view.
Found four items.
The vampire mosquito buzzes angrily.
You punch the two-headed ogre!
The two-headed ogre is lightly wounded.
You punch the two-headed ogre!
The two-headed ogre is moderately wounded.
The two-headed ogre hits you with a +0 dire flail!
The two-headed ogre misses you.
You completely miss the two-headed ogre.
You punch the two-headed ogre.
The two-headed ogre is moderately wounded.
The two-headed ogre hits you with a +0 dire flail!
The two-headed ogre hits you with a +0 giant club.
You hit the two-headed ogre but do no damage.
The two-headed ogre is moderately wounded.
You punch the two-headed ogre!
The two-headed ogre is severely wounded.
The two-headed ogre hits you with a +0 dire flail!
The two-headed ogre hits you with a +0 giant club!
* * * LOW HITPOINT WARNING * * *
The two-headed ogre misses you.
The two-headed ogre hits you with a +0 giant club!!
You die...

#.# #†###..#..#..#..#.. #.#
#......#.....#..... #.#
#......#.....#..... ####.#
##################### ##....#
#...................[ ...#..#
#....................
####..#######.###################
..............#....[.#.....#.....
###############.@....#.....#..)..
#..#O###..#..#..#..#.. #..#y$
#..#..#.†#).#.. ###
#..#.[.#.....#.)...#.. ≈≈##
#######..#?:?#.....#.....#..
≈≈≈###.....#..###################
∩...##)###.###..##.##.# ≈≈≈.##.#
#.# #..##.##.########### ≈≈..##.#
#.###...................


You could see a two-headed ogre and a vampire mosquito.

Vanquished Creatures
  Sigmund (D:3)
  A water moccasin (D:5)
  A necrophage (D:5)
  A centaur (D:5)
  An ogre (D:5)
  A kobold brigand (D:5)
  A gnoll sergeant (D:5)
  5 scorpions
  A water moccasin skeleton (D:5)
  A jelly (D:5)
  A centaur zombie (D:4)
  5 hounds
  A bullfrog skeleton (D:5)
  An orc priest (D:4)
  Ijyb (D:5)
  A centaur skeleton (D:5)
  A gnoll shaman (D:5)
  3 iguanas
  Terence (D:3)
  2 orc wizards (D:5)
  3 gnolls (D:5)
  A howler monkey skeleton (D:5)
  12 adders
  A white imp (D:5)
  An adder skeleton (D:5)
  2 worms
  3 dart slugs
  11 orcs
  5 endoplasms
  5 giant cockroaches
  5 goblins
  4 hobgoblins
  4 jackals (D:1)
  7 kobolds
  4 quokkas
  8 ball pythons
  3 bats
  2 frilled lizards (D:1)
  3 rats
115 creatures vanquished.

Vanquished Creatures (others)
  A plant (D:5)
  A withered plant (D:2)
2 creatures vanquished.

Grand Total: 117 creatures vanquished

Notes
Turn   | Place    | Note
-------+----------+-------------------------------------------
     0 | D:1      | Gwenloh the Ghoul Gladiator began the quest for the Orb.
     0 | D:1      | Reached XP level 1. HP: 17/17 MP: 0/0
    58 | D:1      | Reached XP level 2. HP: 23/24 MP: 1/1
    66 | D:1      | Reached skill level 4 in Unarmed Combat
   773 | D:2      | Reached XP level 3. HP: 29/29 MP: 2/2
   940 | D:2      | Reached skill level 5 in Unarmed Combat
  1066 | D:2      | Reached XP level 4. HP: 36/36 MP: 3/3
  1067 | D:2      | Found a faded altar of an unknown god.
  1575 | D:3      | Reached skill level 6 in Unarmed Combat
  1575 | D:3      | Reached XP level 5. HP: 40/41 MP: 4/4
  1669 | D:3      | Noticed NigelTetley's ghost (amateur MiFi)
  1680 | D:3      | Found a transporter.
  1700 | D:3      | Found a transporter.
  1786 | D:3      | Noticed Sigmund
  1812 | D:3      | Killed Sigmund
  1813 | D:3      | Reached skill level 7 in Unarmed Combat
  1813 | D:3      | Reached XP level 6. HP: 11/48 MP: 5/5
  1956 | D:3      | Noticed Terence
  1974 | D:3      | Killed Terence
  2410 | D:4      | Reached skill level 8 in Unarmed Combat
  2474 | D:4      | Reached skill level 1 in Armour
  2474 | D:4      | Reached XP level 7. HP: 55/55 MP: 6/6
  3048 | D:5      | Entered Level 5 of the Dungeon
  3151 | D:5      | Reached skill level 9 in Unarmed Combat
  3159 | D:5      | Found Nieso's Antique Weapon Boutique.
  3233 | D:5      | Reached XP level 8. HP: 61/61 MP: 7/7
  3476 | D:5      | Noticed Ijyb
  3494 | D:5      | Killed Ijyb
  3745 | D:5      | Found a shimmering blue altar of Sif Muna.
  3821 | D:5      | Reached skill level 10 in Unarmed Combat
  3933 | D:5      | Reached skill level 11 in Unarmed Combat
  4017 | D:5      | Reached XP level 9. HP: 42/67 MP: 8/8
  4087 | D:5      | Noticed a two-headed ogre
  4094 | D:5      | Mangled by a two-headed ogre

Illustrated notes

Levels and vault maps discovered:
D:1:      evilmike_arrival_fibonacci_small, layout_rooms
D:2:      layout_basic, ebering_ecumenical_altar_petrified
D:3:      layout_loops_ring, gammafunk_ghost_stat_death, skrybe_limestone_x,
          minmay_curled_crystal, uniq_sigmund, uniq_terence
D:4:      wad_pebble_path, layout_loops_ring
D:5:      kennysheep_windowed_halls, layout_loops_ring, lemuel_blue_sif_altar,
          serial_shops, nicolae_shop_waterfront, serial_bayou_crossing,
          uniq_ijyb

Skill      XL: |  1  2  3  4  5  6  7  8 |
---------------+-------------------------+-----
Unarmed Combat | 4 5 6 7 8 9 11 | 11.4
Armour         | 1 2 4 |  4.6
Fighting       | |  2.1
Throwing       | |  1.7
Dodging        | |  2.6

Action                   |  1- 3 |  4- 6 |  7- 9 || total
-------------------------+-------+-------+-------++-------
Melee: Unarmed           |    70 |    96 |   223 ||   389
       Punch             |       |     2 |     9 ||    11
 Fire: Shortbow          |       |       |     5 ||     5
Throw: Stone             |    33 |    17 |       ||    50
       Dart              |       |    15 |    23 ||    38
  Use: Scroll            |       |     4 |       ||     4
Armor: Leather armour    |    19 |       |       ||    19
       Ring mail         |     5 |    13 |    12 ||    30
       Scale mail        |       |       |    42 ||    42
Dodge: Dodged            |    43 |    52 |   131 ||   226

Table legend: (Time is in decaauts)
 A = Elapsed time spent in this place.
 B = Non-inter-level travel time spent in this place.
 C = Inter-level travel time spent in this place.
 D = Time resting spent in this place.
 E = Time spent auto-exploring this place.
 F = Levels seen in this place.
 G = Mean time per level.
                   A        B        C        D        E       F      G
               +--------+--------+--------+--------+--------+-----+--------+
         Total |   4035 |   3885 |    150 |     16 |   2900 |   5 |  807.0 |
       Dungeon |   4035 |   3885 |    150 |     16 |   2900 |   5 |  807.0 |
               +--------+--------+--------+--------+--------+-----+--------+

Top non-repeatable levels by time:
     D:5: 1012 daAuts
     D:3: 853 daAuts
     D:4: 753 daAuts
     D:2: 750 daAuts
     D:1: 665 daAuts
